 Dungeon Crawl Stone Soup version 0.22.1-1-ga44c0e5 (webtiles) character file.

20 Folque the Magician (level 2, 0/18 HPs)
             Began as an Octopode Wizard on Oct 4, 2018.
             Slain by a hobgoblin (6 damage)
             ... led by Robin
             ... on level 2 of the Dungeon.
             The game lasted 00:01:58 (991 turns).

Folque the Magician (Octopode Wizard)                Turns: 991, Time: 00:01:59

Health: 0/18       AC:  1    Str:  6    XL:     2   Next: 79%
Magic:  6/6        EV: 13    Int: 20    God:
Gold:   77         SH:  0    Dex: 10    Spells: 6/7 levels left

rFire    . . .     SeeInvis .   e - +0 short sword
rCold    . . .     Gourm    .   (no shield)
rNeg     . . .     Faith    .   a - +0 hat
rPois    .         Spirit   .   (no amulet)
rElec    .         Reflect  .   (no ring)
rCorr    .         Harm     .   (no ring)
MR       .....                  (no ring)
Stlth    +++.......             (no ring)
HPRegen  0.06/turn              (no ring)
MPRegen  0.10/turn              (no ring)
                                (no ring)
                                (no ring)

@: no status effects
A: almost no armour, stealthy swim, amphibious, 8 rings, constrict 8, camouflage
1, gelatinous body 1
a: no special abilities


You were on level 2 of the Dungeon.
You were not hungry.

You visited 1 branch of the dungeon, and saw 2 of its levels.

You collected 77 gold pieces.

Inventory:

Hand Weapons
 e - a +0 short sword (weapon)
 h - a +0 spear
 m - a +0 hunting sling
 n - a +1 falchion of holy wrath
Missiles
 k - 5 needles of confusion
Armour
 a - a +0 hat (worn)
Scrolls
 b - 2 scrolls of random uselessness {unknown}
 f - a scroll of identify {unknown}
 g - a scroll of amnesia {unknown}
Potions
 i - a potion of curing {unknown}
 j - 2 potions of degeneration {unknown}
 l - a potion of agility {unknown}
Comestibles
 c - a ration


   Skills:
 * Level 1.5 Fighting
 - Level 2.0 Dodging
 - Level 2.6 Stealth
 + Level 3.2 Spellcasting
 + Level 1.4 Conjurations
   Level 1.0 Summonings
   Level 1.0 Translocations


You had 6 spell levels left.
You knew the following spells:

 Your Spells              Type           Power        Failure   Level  Hunger
a - Magic Dart            Conj           #...         8%          1    None

Your spell library contained the following spells:

 Spells                   Type           Power        Failure   Level  Hunger
 Blink                    Tloc           N/A          14%         2    ##.....
 Call Imp                 Summ           #.......     14%         2    ##.....
 Slow                     Hex            #.......     22%         2    ##.....
 Conjure Flame            Conj/Fire      #.......     30%         3    ###....
 Mephitic Cloud           Conj/Pois/Air  #.......     34%         3    ###....


Dungeon Overview and Level Annotations

Branches:
Dungeon (2/15)

Altars:

Annotations:
D:2 Robin


Innate Abilities, Weirdness & Mutations

You cannot wear most types of armour.
You are very stealthy in the water. (Stealth+)
You are amphibious.
You can wear up to eight rings at the same time.
You can use your tentacles to constrict eight enemies at once.
Your skin changes colour to match your surroundings (Stealth+).
Your rubbery body absorbs attacks. (AC +1, EV +1)


Message History

The goblin hits you. The hobgoblin misses you.
You hit the goblin. Your grab misses the goblin.
The goblin is moderately wounded.
The hobgoblin hits you. The goblin misses you.
You hit the goblin.
You kill the goblin!
The hobgoblin misses you.
A goblin comes into view. It is wielding a club.
The hobgoblin no longer looks unusually strong.
There is a stone staircase leading down here.
A goblin comes into view.
The hobgoblin no longer looks unusually strong.
The goblin no longer looks unusually strong.
Robin roars a battlecry!
The goblins go into a battle-frenzy!
You barely miss the goblin.
The goblin shouts!
You grab the goblin. You constrict the goblin. The goblin hits you.
The hobgoblin hits you.
You die...

#####.#####.#...###....##.##
#........>..#..## ####.##.##
#.#####.##..#...## ##..##.##
##.#####.##..#..#.###.#.##..#
##.#.##..........##.#.##.###.#
##.###.#.#.##..#..###.###.#
#.# #.## ##..#.##..#..#####
#.# #.#
##.###.#.......g<....## #.#
#.#
#..#.##....#g@.......###.###.#
#.#>..g....g.............(...#
#g#####....####..#.#.........#
#.# #.#.### #..#.......###(#
##g# #.....# #..######### #.#
#..# #.#.#.###.....# #.# #g##
#...........#.# #.# #g#
#.###.#####.#.# #.# #.#
#.....# #.#.# #.#


You could see Robin, 2 hobgoblins and a goblin.

Vanquished Creatures
  A dart slug (D:2)
  A bat (D:1)
  A giant cockroach (D:2)
  3 goblins
  4 hobgoblins (D:1)
  A frilled lizard (D:1)
  2 kobolds (D:1)
  3 rats
16 creatures vanquished.

Notes
Turn   | Place    | Note
-------+----------+-------------------------------------------
     0 | D:1      | Folque the Octopode Wizard began the quest for the Orb.
     0 | D:1      | Reached XP level 1. HP: 11/11 MP: 4/4
   371 | D:1      | Reached skill level 1 in Fighting
   371 | D:1      | Reached XP level 2. HP: 17/18 MP: 6/6
   964 | D:2      | Noticed Robin
   991 | D:2      | Slain by a hobgoblin

Skill      XL: |  1 |
---------------+----+-----
Fighting       | 1 |  1.5
Dodging        | |  2.0
Stealth        | |  2.6
Spellcasting   | |  3.2
Conjurations   | |  1.4
Summonings     | |  1.0
Translocations | |  1.0

Action                   || total
-------------------------++-------
Melee: Short sword       ||    40
       Constrict         ||    10
       Tentacles         ||     6
       Unarmed           ||     3
 Cast: Magic Dart        ||     2
 Stab: Sleeping          ||     4
Armor: Skin              ||     2
Dodge: Dodged            ||    27
